 Dungeon Crawl Stone Soup version 0.30-a0-385-gfebfb9b408 (webtiles) character file.

Game seed: 12911818683598520636

480 Lobster4 the Magician (level 6, -3/35 HPs)
             Began as a Deep Elf Air Elementalist on Dec 2, 2022.
             Splashed by a jelly's acid (11 damage)
             ... on level 4 of the Dungeon.
             The game lasted 00:12:12 (4893 turns).

Lobster4 the Magician (Deep Elf Air Elementalist)   Turns: 4893, Time: 00:12:12

Health: -3/35      AC:  3    Str:  5    XL:     6   Next: 86%
Magic:  4/14       EV: 13    Int: 22    God:
Gold:   230        SH:  0    Dex: 15    Spells: 7/13 levels left

rFire   . . .      SeeInvis .    a - staff of conjuration
rCold   . . .      Faith    .    (no shield)
rNeg    . . .      Spirit   .    h - +0 robe
rPois   .          Reflect  .    (no helmet)
rElec   .          Harm     .    (no cloak)
rCorr   .          Rampage  .    (no gloves)
Will    .....                    l - +0 pair of boots
Stlth   +++.......               (no amulet)
HPRegen 0.25/turn                (no ring)
MPRegen 0.14/turn                (no ring)

@: brilliant
A: no striking features
a: no special abilities


You were on level 4 of the Dungeon.
You visited 1 branch of the dungeon, and saw 4 of its levels.
You also visited: Sewer.

You collected 230 gold pieces.

Inventory:

Hand Weapons
 c - a +0 short sword of draining
Missiles
 g - an atropa-tipped dart (quivered)
Armour
 f - an orb of energy
 h - a +0 robe (worn)
 k - the +1 ring mail of the Fletcher {rF+}
   (You found it on level 3 of the Dungeon)

   rF:        It protects you from fire.
 l - a +0 pair of boots (worn)
Magical Staves
 a - a staff of conjuration (weapon)
Jewellery
 s - a ring of protection from fire
Wands
 u - a wand of polymorph (5)
Scrolls
 i - a scroll of fear {unknown}
 n - a scroll of enchant armour {unknown}
 o - a scroll of blinking
 r - a scroll of teleportation {unknown}
 t - 2 scrolls of amnesia
 v - a scroll of poison {unknown}
Potions
 b - a potion of magic
 d - a potion of invisibility
 j - 3 potions of degeneration {unknown}
 q - a potion of curing


   Skills:
 + Level 1.7 Fighting
 + Level 1.6 Staves
 - Level 1.0 Throwing
 + Level 1.7 Armour
 - Level 3.0 Dodging
 + Level 3.7 Stealth
 + Level 4.3 Spellcasting
 + Level 2.6 Conjurations
 + Level 1.0 Ice Magic
 * Level 4.0 Air Magic
 + Level 2.2 Evocations


You had 7 spell levels left.
You knew the following spells:

 Your Spells              Type           Power      Damage    Failure   Level
a - Shock                 Conj/Air       100%       1d9       2%          1
b - Static Discharge      Conj/Air       86%        2-6/arc   4%          2
c - Frozen Ramparts       Ice            26%        1d4       22%         3

Your spell library contained the following spells:

 Spells                   Type           Power      Damage    Failure   Level
 Swiftness                Air            34%        N/A       6%          3
 Airstrike                Air            17%        2d(3-19)  21%         4
 Ice Form                 Ice/Tmut       10%        N/A       65%         4
 Summon Ice Beast         Ice/Summ       10%        N/A       65%         4


Dungeon Overview and Level Annotations

Branches:
Dungeon (4/15)              Sewer (visited)
 Temple: D:4-7

Altars:
Ru
Wu Jian

Annotations:
D:3 Ijyb


Message History

Confirm with . or Enter, or press ? or * to list all spells.
Aiming: Shock (safe; 2% risk of failure)
Press: ? - help, Shift-Dir - straight line, f/p - adder
Aim: an adder (heavily wounded, 57% to hit)
You feel a strong surge of power!
The zap misses the adder.
The adder barely misses you.
Casting: Shock (safe; 2% risk of failure)
Confirm with . or Enter, or press ? or * to list all spells.
Aiming: Shock (safe; 2% risk of failure)
Press: ? - help, Shift-Dir - straight line, f/p - adder
Aim: an adder (heavily wounded, 57% to hit)
You feel a strong surge of power!
The zap misses the adder.
The adder barely misses you.
Casting: Shock (safe; 2% risk of failure)
Confirm with . or Enter, or press ? or * to list all spells.
Aiming: Shock (safe; 2% risk of failure)
Press: ? - help, Shift-Dir - straight line, f/p - adder
Aim: an adder (heavily wounded, 57% to hit)
You feel a strong surge of power!
The zap hits the adder!
You kill the adder!
Casting: Shock (safe; 2% risk of failure)
Confirm with . or Enter, or press ? or * to list all spells.
Aiming: Shock (safe; 2% risk of failure)
Press: ? - help, Shift-Dir - straight line, f - jelly
Aim: a jelly (100% to hit)
You feel a strong surge of power!
The zap hits the jelly.
The jelly is lightly wounded.
Casting: Shock (safe; 2% risk of failure)
Confirm with . or Enter, or press ? or * to list all spells.
Aiming: Shock (safe; 2% risk of failure)
Press: ? - help, Shift-Dir - straight line, f/p - jelly
Aim: a jelly (lightly wounded, 100% to hit)
You feel a strong surge of power!
The zap hits the jelly!
The jelly is moderately wounded.
The zap hits the jelly.
The jelly is heavily wounded.
The jelly hits you.
* * * LOW HITPOINT WARNING * * *
You are splashed with acid!
You die...

#. #.....########..?..## #+#
#.. ########...........# ...
#... #.....##...........# ....
#>...#.....##'#####)....#.....
#J...'.....#......#######.....
#....#.....#..................
...J.
#.....#.................. .#..
#.....'.................. #.
#.....#..J@.............. #
#.....#......##'#########
#######......#...h((...
#......#......(..
#......#.........
#......########## ########


You could see a jelly.

Vanquished Creatures
  A black bear (D:4)
  2 bullfrogs (Sewer)
  A scorpion (D:4)
  An orc wizard (D:4)
  A gnoll (D:1)
  5 adders
  4 worms
  3 dart slugs
  4 orcs
  5 bats
  8 endoplasms
  6 giant cockroaches
  11 goblins
  8 hobgoblins
  3 jackals (D:2)
  3 kobolds
  14 quokkas
  8 ball pythons
  8 frilled lizards
  9 rats
105 creatures vanquished.

Notes
Turn   | Place    | Note
-------+----------+-------------------------------------------
     0 | D:1      | Lobster4 the Deep Elf Air Elementalist began the quest for
                  | the Orb.
     0 | D:1      | Reached XP level 1. HP: 10/10 MP: 6/6
   201 | D:1      | Reached XP level 2. HP: 13/15 MP: 2/8
   598 | D:1      | Reached XP level 3. HP: 20/20 MP: 7/9
  1389 | D:2      | Found an ornate altar of the Wu Jian Council.
  1393 | D:2      | Learned a level 2 spell: Static Discharge
  1822 | D:2      | Reached XP level 4. HP: 20/24 MP: 3/11
  1914 | D:2      | Reached skill level 1 in Fighting
  1965 | D:2      | Reached skill level 1 in Evocations
  2063 | D:2      | You fall into a shaft and drop 1 floor!
  2065 | D:3      | Identified the +1 ring mail of the Fletcher {rF+}
  2405 | D:3      | Found a glowing drain.
  2412 | Sewer    | Entered a sewer
  2460 | Sewer    | Reached skill level 1 in Armour
  2661 | Sewer    | Reached XP level 5. HP: 29/29 MP: 8/12
  2866 | Sewer    | Reached skill level 1 in Staves
  2866 | Sewer    | Reached skill level 1 in Throwing
  2904 | Sewer    | Reached XP level 6. HP: 12/34 MP: 6/14
  3060 | Sewer    | Learned a level 3 spell: Frozen Ramparts
  4301 | D:3      | Noticed Ijyb
  4515 | D:3      | Found a sacrificial altar of Ru.
  4886 | D:4      | Reached skill level 1 in Ice Magic
  4893 | D:4      | Splashed by a jelly's acid

Illustrated notes

Levels and vault maps discovered:
D:1:      wander_arrival_abandoned_jail, layout_basic
D:2:      kennysheep_the_goblin_king, layout_loops_ring, basic_altar
D:3:      layout_rooms, nicolae_ru_the_path_less_chosen,
          gup_sewer_entry_bubbles, uniq_ijyb
D:4:      layout_gridville

Skill      XL: |  1  2  3  4  5  6 |
---------------+-------------------+-----
Fighting       | 1 |  1.7
Evocations     | 1 2 |  2.2
Stealth        | 3 |  3.7
Armour         | 1 |  1.7
Dodging        | 3 |  3.0
Staves         | 1 |  1.6
Throwing       | 1 |  1.0
Conjurations   | 2 |  2.6
Spellcasting   | 4 |  4.3
Ice Magic      | 1 |  1.0
Air Magic      | 4 |  4.0

Action                   |  1- 3 |  4- 6 || total
-------------------------+-------+-------++-------
Melee: Staff             |       |    23 ||    23
Throw: Dart              |       |     4 ||     4
 Cast: Shock             |    74 |   151 ||   225
  Use: Scroll            |       |     7 ||     7
       Potion            |       |     1 ||     1
Armor: Robe              |     3 |    10 ||    13
Dodge: Dodged            |     9 |    36 ||    45

Table legend: (Time is in decaauts)
 A = Elapsed time spent in this place.
 B = Non-inter-level travel time spent in this place.
 C = Inter-level travel time spent in this place.
 D = Time resting spent in this place.
 E = Time spent auto-exploring this place.
 F = Levels seen in this place.
 G = Mean time per level.
                   A        B        C        D        E       F      G
               +--------+--------+--------+--------+--------+-----+--------+
         Total |   4966 |   4819 |    147 |    919 |   3083 |   5 |  993.2 |
       Dungeon |   4269 |   4122 |    147 |    745 |   2673 |   4 | 1067.2 |
         Sewer |    696 |    696 |      0 |    174 |    410 |   1 |  696.0 |
               +--------+--------+--------+--------+--------+-----+--------+

Top non-repeatable levels by time:
     D:2: 2024 daAuts
     D:1: 1105 daAuts
     D:3: 859 daAuts
   Sewer: 696 daAuts
     D:4: 280 daAuts
